 Dungeon Crawl Stone Soup version 0.25-a0-185-g6cfeca75b2 (webtiles) character file.

Game seed: 7026929223043772339, levelgen mode: deterministic

849454 floatRand the Invulnerable (level 27, -34/273 HPs)
             Began as a Minotaur Fighter on Nov 27, 2019.
             Was the Champion of the Shining One.
             Killed from afar by Lom Lobon (49 damage)
             ... with a great icy blast
             ... in Pandemonium on Nov 29, 2019.
             The game lasted 03:18:05 (92859 turns).

floatRand the Invulnerable (Minotaur Fighter)      Turns: 92859, Time: 03:18:05

Health: -34/273    AC: 39    Str: 29      XL:     27
Magic:  15/34      EV: 32    Int: 13 (14) God:    the Shining One [******]
Gold:   7414       SH: 25    Dex: 26 (27) Spells: 26/26 levels left

rFire    + + .     SeeInvis +   K - +9 trishula (holy)
rCold    + . .     Gourm    .   l - +4 shield {rF+}
rNeg     + + +     Faith    .   V - +12 gold dragon scales
rPois    +         Spirit   .   (helmet restricted)
rElec    +         Reflect  +   s - scarf {cloud immunity}
rCorr    +         Harm     .   h - +1 pair of gloves of Omudej {rPois Str+2 Int+2}
MR       +++++                  q - +1 pair of boots "Yppat" {rPois MR+ rCorr}
Stlth    +.........             B - +5 amulet of reflection
HPRegen  0.55/turn              c - ring of Wefalono {rElec rPois MR++ Slay-3 SInv}
MPRegen  0.24/turn              G - ring "Riuw" {rCorr Dex+5}

@: mighty, agile, flying (expiring), hasted (expiring), glowing, very quick
A: retaliatory headbutt, horns 2, clever 1, deformed body, deterioration 1, low
mp 1, wild magic 1
}: 7/15 runes: barnacled, silver, abyssal, glowing, fiery, dark, gossamer
a: Divine Shield, Cleansing Flame, Summon Divine Warrior, Renounce Religion


You were in Pandemonium.
You worshipped the Shining One.
The Shining One was exalted by your worship.
You were not hungry.

You visited 9 branches of the dungeon, and saw 47 of its levels.
You visited Pandemonium 1 time, and saw 8 of its levels.
You visited the Abyss 3 times.
You also visited: Ice Cave, Volcano and Desolation.

You collected 12081 gold pieces.
You spent 4667 gold pieces at shops.

Inventory:

Hand Weapons
 t - the +10 great sword of Xiqaeffu {flame, rN++}
   (You found it in the Desolation of Salt)

   It has been specially enchanted to burn those struck by it, causing extra
   injury to most foes and up to half again as much damage against particularly
   susceptible opponents.
   Big, fiery blades are also staple armaments of hydra-hunters.
   It greatly protects you from negative energy.
 K - a +9 trishula of holy wrath (weapon)
Armour
 h - the +1 pair of gloves of Omudej (worn) {rPois Str+2 Int+2}
   (You found it in Pandemonium)

   It affects your strength (+2).
   It affects your intelligence (+2).
   It protects you from poison.
 l - a +4 shield of fire resistance (worn)
 q - the +1 pair of boots "Yppat" (worn) {rPois MR+ rCorr}
   (You found it on level 3 of the Depths)

   It protects you from poison.
   It affects your resistance to hostile enchantments.
   It provides partial protection from all sources of acid and corrosion.
 s - a scarf of cloud immunity (worn)
 A - a scarf of resistance
 E - the +0 mask of the Dragon {MR+ Slay+3 SInv}
   (You bought it in a shop on level 2 of the Vaults)

   It affects your accuracy and damage with ranged weapons and melee attacks
   (+3).
   It affects your resistance to hostile enchantments.
   It lets you see invisible.
 S - a +0 pair of boots of flying
 V - +12 gold dragon scales (worn)
Jewellery
 c - the ring of Wefalono (left hand) {rElec rPois MR++ Slay-3 SInv}
   (You bought it in a shop on level 4 of the Dungeon)

   [ring of poison resistance]

   It affects your accuracy and damage with ranged weapons and melee attacks
   (-3).
   It insulates you from electricity.
   It protects you from poison.
   It affects your resistance to hostile enchantments.
   It lets you see invisible.
 g - a +3 ring of intelligence
 n - the ring "Yshruppi" {rC+ MR+}
   (You took it off Khufu on level 1 of the Crypt)

   [ring of protection from cold]

   It protects you from cold.
   It affects your resistance to hostile enchantments.
 B - a +5 amulet of reflection (around neck)
 G - the ring "Riuw" (right hand) {rCorr Dex+5}
   (You took it off a deep elf blademaster on level 3 of the Elven Halls)

   [ring of resist corrosion]

   It affects your dexterity (+5).
   It provides partial protection from all sources of acid and corrosion.
 P - an uncursed amulet of regeneration
 R - an uncursed ring of flight
 Y - an uncursed ring of protection from fire
Wands
 v - a wand of flame (92)
 D - a wand of scattershot (5)
 I - a wand of iceblast (22)
 Q - a wand of acid (45)
 T - a wand of paralysis (48)
 U - a wand of disintegration (61)
 X - a wand of digging (10)
Scrolls
 a - 2 scrolls of silence
 e - 33 scrolls of remove curse
 k - a scroll of holy word
 p - 4 scrolls of amnesia
 u - 29 scrolls of teleportation
 w - 8 scrolls of fear
 y - a scroll of identify
 z - a scroll of summoning
 F - 7 scrolls of blinking
 J - 8 scrolls of fog
 O - 8 scrolls of magic mapping
 W - 3 scrolls of enchant weapon
 Z - a scroll of enchant armour
Potions
 b - 2 potions of ambrosia
 d - 2 potions of might
 i - 11 potions of agility
 j - 7 potions of flight
 m - 5 potions of berserk rage
 o - 27 potions of curing
 r - 3 potions of brilliance
 C - a potion of mutation
 H - 5 potions of cancellation
 L - a potion of resistance
 M - 2 potions of haste
 N - 4 potions of magic
Comestibles
 f - 43 rations


   Skills:
 O Level 27 Fighting
   Level 8.3(14.3) Axes
   Level 3.6(6.4) Maces & Flails
 + Level 17.8(18.3) Polearms
 O Level 27 Armour
 + Level 25.4 Dodging
 + Level 16.8 Stealth
 + Level 15.3 Shields
 + Level 24.1 Invocations


You had 26 spell levels left.
You didn't know any spells.
Your spell library contained the following spells:

 Spells                   Type           Power        Failure   Level  Hunger
 Animate Skeleton         Necr           N/A          90%         1    ##.....
 Apportation              Tloc           #.....       90%         1    ##.....
 Beastly Appendage        Tmut           #.....       90%         1    ##.....
 Confusing Touch          Hex            #.....       90%         1    ##.....
 Corona                   Hex            #......      90%         1    ##.....
 Flame Tongue             Conj/Fire      #....        90%         1    ##.....
 Freeze                   Ice            #...         90%         1    ##.....
 Infusion                 Chrm           #...         90%         1    ##.....
 Magic Dart               Conj           #...         90%         1    ##.....
 Pain                     Necr           #...         90%         1    ##.....
 Sandblast                Erth           #.....       90%         1    ##.....
 Shock                    Conj/Air       #...         90%         1    ##.....
 Sting                    Conj/Pois      #...         90%         1    ##.....
 Summon Butterflies       Summ           #.......     90%         1    ##.....
 Summon Small Mammal      Summ           #...         90%         1    ##.....
 Blink                    Tloc           N/A          97%         2    ###....
 Call Imp                 Summ           #.......     97%         2    ###....
 Corpse Rot               Necr           N/A          97%         2    ###....
 Ensorcelled Hibernation  Hex/Ice        #.....       97%         2    ###....
 Passwall                 Tmut/Erth      #.......     97%         2    ###....
 Poisonous Vapours        Pois/Air       #.....       97%         2    ###....
 Searing Ray              Conj           #.....       97%         2    ###....
 Shroud of Golubria       Chrm/Tloc      #.....       97%         2    ###....
 Slow                     Hex            #.......     97%         2    ###....
 Song of Slaying          Chrm           #.......     97%         2    ###....
 Sticks to Snakes         Tmut           #.......     97%         2    ###....
 Sublimation of Blood     Necr           #.........   97%         2    ###....
 Swiftness                Chrm/Air       #.......     97%         2    ###....
 Throw Flame              Conj/Fire      #.....       97%         2    ###....
 Throw Frost              Conj/Ice       #.....       97%         2    ###....
 Call Canine Familiar     Summ           #.......     99%         3    ####...
 Confuse                  Hex            #.......     99%         3    ####...
 Conjure Flame            Conj/Fire      #.......     99%         3    ####...
 Dazzling Spray           Conj/Hex       #.....       99%         3    ####...
 Gell's Gravitas          Tloc           #.........   99%         3    ####...
 Ignite Poison            Fire/Tmut/Pois #.......     99%         3    ####...
 Inner Flame              Hex/Fire       #.......     99%         3    ####...
 Lesser Beckoning         Tloc           #.........   99%         3    ####...
 Mephitic Cloud           Conj/Pois/Air  #.......     99%         3    ####...
 Ozocubu's Armour         Chrm/Ice       #.......     99%         3    ####...
 Portal Projectile        Hex/Tloc       #.....       99%         3    ####...
 Recall                   Summ/Tloc      N/A          99%         3    ####...
 Regeneration             Chrm/Necr      #.........   99%         3    ####...
 Spectral Weapon          Hex/Chrm       #.......     99%         3    ####...
 Spider Form              Tmut/Pois      #.........   99%         3    ####...
 Static Discharge         Conj/Air       #.......     99%         3    ####...
 Stone Arrow              Conj/Erth      #.....       99%         3    ####...
 Summon Guardian Golem    Hex/Summ       #.......     99%         3    ####...
 Teleport Other           Tloc           #.......     99%         3    ####...
 Tukima's Dance           Hex            #.......     99%         3    ####...
 Vampiric Draining        Necr           #.........   99%         3    ####...
 Airstrike                Air            #.........   100%        4    #####..
 Animate Dead             Necr           N/A          100%        4    #####..
 Cause Fear               Hex            #.........   100%        4    #####..
 Force Lance              Conj/Tloc      #.......     100%        4    #####..
 Fulminant Prism          Conj/Hex       #.........   100%        4    #####..
 Ice Form                 Ice/Tmut       #.......     100%        4    #####..
 Iskenderun's Mystic Bla  Conj           #.......     100%        4    #####..
 Leda's Liquefaction      Hex/Erth       #.........   100%        4    #####..
 Olgreb's Toxic Radiance  Pois           #.......     100%        4    #####..
 Passage of Golubria      Tloc           N/A          100%        4    #####..
 Petrify                  Tmut/Erth      #.......     100%        4    #####..
 Sticky Flame             Conj/Fire      #.......     100%        4    #####..
 Summon Ice Beast         Ice/Summ       #.......     100%        4    #####..
 Summon Lightning Spire   Summ/Air       #.......     100%        4    #####..
 Throw Icicle             Conj/Ice       #.......     100%        4    #####..
 Agony                    Necr           #.......     100%        5    ######.
 Alistair's Intoxication  Tmut/Pois      #.......     100%        5    ######.
 Aura of Abjuration       Summ           #.........   100%        5    ######.
 Blade Hands              Tmut           #.........   100%        5    ######.
 Bolt of Draining         Conj/Necr      #.........   100%        5    ######.
 Bolt of Magma            Conj/Fire/Erth #.........   100%        5    ######.
 Borgnjor's Vile Clutch   Necr/Erth      #.........   100%        5    ######.
 Dispel Undead            Necr           #.......     100%        5    ######.
 Excruciating Wounds      Chrm/Necr      #.........   100%        5    ######.
 Fireball                 Conj/Fire      #.........   100%        5    ######.
 Irradiate                Conj/Tmut      #.........   100%        5    ######.
 Iskenderun's Battlesphe  Conj/Chrm      #.......     100%        5    ######.
 Lee's Rapid Deconstruct  Erth           #.........   100%        5    ######.
 Lightning Bolt           Conj/Air       #.........   100%        5    ######.
 Metabolic Englaciation   Hex/Ice        #.........   100%        5    ######.
 Silence                  Hex/Air        #.........   100%        5    ######.
 Summon Mana Viper        Hex/Summ       #.......     100%        5    ######.
 Venom Bolt               Conj/Pois      #.........   100%        5    ######.
 Yara's Violent Unravell  Hex/Tmut       #.........   100%        5    ######.
 Conjure Ball Lightning   Conj/Air       #.........   100%        6    #######
 Darkness                 Hex            #.........   100%        6    #######
 Death Channel            Necr           #.........   100%        6    #######
 Deflect Missiles         Chrm/Air       #.........   100%        6    #######
 Dispersal                Tloc           #.........   100%        6    #######
 Freezing Cloud           Conj/Ice/Air   #.........   100%        6    #######
 Hydra Form               Tmut           #.........   100%        6    #######
 Invisibility             Hex            #.......     100%        6    #######
 Iron Shot                Conj/Erth      #.........   100%        6    #######
 Shadow Creatures         Summ           N/A          100%        6    #######
 Simulacrum               Ice/Necr       #.........   100%        6    #######
 Statue Form              Tmut/Erth      #........    100%        6    #######
 Dragon Form              Tmut           #.........   100%        7    #######
 Malign Gateway           Summ/Tloc      #.........   100%        7    #######
 Orb of Destruction       Conj           #.........   100%        7    #######
 Ring of Flames           Chrm/Fire      #.........   100%        7    #######
 Spellforged Servitor     Conj/Summ      #.........   100%        7    #######
 Summon Hydra             Summ           #.........   100%        7    #######
 Controlled Blink         Tloc           N/A          100%        8    #######
 Discord                  Hex            #.........   100%        8    #######
 Disjunction              Tloc           #.........   100%        8    #######
 Ignition                 Fire           #.........   100%        8    #######
 Dragon's Call            Summ           #.........   100%        9    #######
 Shatter                  Erth           #.........   100%        9    #######
 Tornado                  Air            #.........   100%        9    #######


Dungeon Overview and Level Annotations

Branches:
Dungeon (15/15)            Temple (0/1) D:6            Lair (6/6) D:9
 Shoals (4/4) Lair:3       Spider (4/4) Lair:2        Slime (0/5) Lair:6
    Orc (2/2) D:11            Elf (3/3) Orc:2        Vaults (5/5) D:14
  Crypt (3/3) Vaults:3       Tomb (0/3) Crypt:3      Depths (5/5) D:15
    Zot (0/5) Depths:5      IceCv (visited)         Volcano (visited)
Desolation (visited)

Altars:
Ashenzari
Dithmenos
Hepliaklqana
Kikubaaqudgha
Makhleb
Nemelex Xobeh
Okawaru
Ru
Sif Muna
Trog
Uskayaw
Vehumet
Yredelemnul
The Shining One
Beogh

Shops:
D:4 =   D:10 =   Orc:1 (   Orc:2 =?!:   Shoals:1 %(   Shoals:2 }   Vaults:2 *
Vaults:3 =   Depths:2 (:=?*   Depths:3 =

Portals:
Hell: Depths:1 Depths:2 Depths:3 Depths:4 Depths:5
Abyss: Depths:4
Pandemonium: Depths:1 Depths:3
Ziggurat: Depths:4

Annotations:
D:2 1 runed translucent door, Crazy Yiuf
Spider:2 3 runed translucent doors, Jom Ituh's ghost, adept DDFi; Pulopuxyer's ghost, adept GrFi
Elf:2 3 runed translucent doors
Elf:3 where the idents at?, exclusion: orange crystal statue
Pan Lom Lobon


Innate Abilities, Weirdness & Mutations

You reflexively headbutt those who attack you in melee.
You have a pair of horns on your head.
Your mind is acute. (Int +2)
Armour fits poorly on your strangely shaped body.
Your body sometimes deteriorates upon taking damage.
Your magical capacity is low. (-10% MP)
Your spells are a little harder to cast, but a little more powerful.


Message History

The ice encasing you melts away.
* * * LOW HITPOINT WARNING * * *
Lom Lobon gestures.
Lom Lobon is healed.
You barely miss Lom Lobon.
You headbutt Lom Lobon, but do no damage.
Lom Lobon is heavily wounded.
You impale Lom Lobon!!
Lom Lobon convulses!
You headbutt Lom Lobon!
Lom Lobon is heavily wounded.
You impale Lom Lobon!!
Lom Lobon convulses!!!
Your headbutt misses Lom Lobon.
Lom Lobon is severely wounded.
* * * LOW HITPOINT WARNING * * *
Lom Lobon completely misses you. You furiously retaliate!
You headbutt Lom Lobon, but do no damage.
You feel much better.
* * * LOW HITPOINT WARNING * * *
Lom Lobon gestures at you.
Lom Lobon conjures a mighty blast of ice!
The great icy blast engulfs you!!! You partially resist.
You die...

..... ..... #####
##### ###§§§### ######
##§@§§§§§## ##.....
##§§&§§§○°.# #......
#§○§§§§§§§.####§.....
##§§§§§§§§§..##.§≈....
#§§°§§§§§§§..#..§≈≈.).
#§☼§§§§§§§§....≈≈≈≈≈≈.
#§☼§○§○§○°§....#≈≈≈≈≈.
#...°☼☼☼§○§○..###≈≈≈≈.
#............## ##≈≈≈.


You could see Lom Lobon.

Vanquished Creatures
  Cerebov (Pan)
  Gloorx Vloq (Pan)
  Mnoleg (Pan)
  Khufu (Crypt:1)
  4 ancient liches
  A juggernaut (Depths:4)
  Sojobo (Depths:4)
  2 pandemonium lords (Pan)
  Boris (Depths:4)
  Bai Suzhen (Spider:4)
  Margery (Depths:4)
  2 caustic shrikes (Depths:4)
  Frederick (Crypt:2)
  8 bone dragons
  10 golden dragons
  Nikola (Depths:1)
  Arachne (Spider:2)
  2 Tzitzimimeh (Pan)
  2 Brimstone Fiends (Pan)
  A hellephant (Abyss:4)
  12 tentacled monstrosities
  An Ice Fiend (Pan)
  Jorgrun (Shoals:3)
  3 Hell Sentinels
  Asterion (Vaults:2)
  2 deep elf blademasters (Elf:3)
  A quicksilver dragon (Vaults:5)
  10 titans
  8 sphinxes
  15 liches
  A deep elf master archer (Elf:3)
  16 tentacled starspawn
  Gastronok (Lair:3)
  3 krakens
  12 Executioners (Pan)
  3 acid blobs (Depths:3)
  3 ancient champions (Crypt:3)
  A draconian monk (Depths:5)
  5 storm dragons
  7 shadow dragons
  10 tengu reavers
  2 revenants
  Ilsuiw (Shoals:3)
  An azure jelly (shapeshifter) (Vaults:5)
  3 azure jellies (Depths:3)
  8 deep elf sorcerers
  12 fire giants
  14 frost giants
  5 ghost moths
  4 iron dragons
  2 angels (Abyss:3)
  A draconian scorcher (Abyss:3)
  3 corrupters
  17 balrugs
  3 reapers
  16 vault wardens
  A draconian stormcaller (Abyss:2)
  2 orc warlords
  3 imperial myrmidons (Desolation)
  20 cacodemons
  10 emperor scorpions
  A warmonger (Pan)
  5 curse skulls
  A blood saint (Pan)
  8 spriggan defenders
  7 deep elf elementalists
  2 war gargoyles
  34 stone giants
  4 draconian annihilators
  21 ghouls
  18 ironheart preservers
  32 very ugly things
  3 vampire knights
  A green draconian (Depths:5)
  8 entropy weavers
  A caustic shrike skeleton (Crypt:1)
  5 black suns (Pan)
  3 yellow draconians
  7 deep elf demonologists
  2 halazid warlocks (Desolation)
  A black draconian (Depths:5)
  4 spark wasps
  The ghost of Ratty the Blocker, a journeyman GnFi of Cheibriados (Lair:4)
  A red draconian (Abyss:4)
  15 deep elf annihilators
  8 lorocyprocas
  2 white draconians (Depths:5)
  A dire elephant (Lair:4)
  10 ettins
  3 merfolk javelineers
  The ghost of mcbry the Fighter, a journeyman GnWn of the Shining One (Lair:3)
  6 blizzard demons
  4 crystal guardians
  3 mummy priests (Crypt:1)
  3 eidola
  3 deep elf death magi
  4 jiangshi (Crypt:2)
  8 merfolk impalers
  Josephine (D:14)
  3 death oozes (Depths:3)
  14 yaktaur captains
  10 fire dragons
  2 great orbs of eyes (shapeshifter) (Abyss:3)
  20 ogre magi
  11 ragged hierophants (Desolation)
  10 green deaths
  2 deep elf high priests
  23 great orbs of eyes
  9 rakshasas
  11 ice dragons
  3 monstrous demonspawn (Pan)
  A hydra (shapeshifter) (Abyss:3)
  Harold (D:7)
  2 hell beasts (Pan)
  6 peacekeepers (Desolation)
  42 vault guards
  6 servants of whispers (Desolation)
  An anaconda (shapeshifter) (Depths:1)
  7 spriggan air magi
  9 hydras
  9 centaur warriors
  2 satyrs
  47 two-headed ogres
  The ghost of mcbry the Grappler, a novice TrMo of Makhleb (Lair:1)
  4 merfolk aquamancers
  A merfolk avatar (Shoals:3)
  An alligator snapping turtle (Shoals:4)
  18 dancing weapons
  2 death knights (D:14)
  A queen ant (Spider:3)
  An alligator (shapeshifter) (Abyss:3)
  11 deep troll earth magi
  6 tengu warriors
  8 deep troll shamans
  13 death yaks
  6 orc high priests
  7 vampire magi
  36 thrashing horrors
  3 shock serpents (Pan)
  A storm dragon zombie (Vaults:4)
  11 spriggan berserkers
  A hell hog (Depths:3)
  8 spriggans
  A titan zombie (Depths:2)
  93 large abominations
  34 sun demons
  2 titan skeletons
  Sonja (Orc:1)
  7 iron trolls
  24 wretched stars
  15 soul eaters
  16 deep elf knights
  A sea snake (shapeshifter) (Depths:1)
  7 hell knights
  2 storm dragon skeletons
  8 shadow demons
  A cherub (Pan)
  A fire crab (shapeshifter) (Abyss:3)
  5 spatial maelstroms
  8 shadow wraiths
  26 deep trolls
  26 sixfirhies
  A gelid demonspawn (Pan)
  4 skeletal warriors (Crypt:3)
  3 infernal demonspawn
  12 sea snakes
  4 flayed ghosts
  A swamp dragon (Abyss:4)
  11 unseen horrors
  13 deep elf archers
  8 glowing orange brains
  A glowing orange brain (shapeshifter) (Depths:3)
  8 wizards
  12 phantasmal warriors
  4 torturous demonspawn
  16 ironbrand convokers
  15 necromancers
  3 lindwurms
  A kraken simulacrum (Shoals:4)
  7 orc knights
  31 orb spiders
  An orb spider (shapeshifter) (Abyss:2)
  12 harpies
  8 fauns
  2 wolf spider zombies
  An oklob plant (Lair:3)
  4 human zombies
  A wolf spider (shapeshifter) (Depths:4)
  6 cyclopes
  57 deep elf magi
  6 orc sorcerers
  46 ugly things
  2 shining eyes
  A salamander (Depths:2)
  32 wolf spiders
  14 worldbinders
  A moth of wrath (Spider:4)
  7 elephants (Lair:4)
  An iron dragon zombie (Abyss:3)
  A frost giant zombie (Crypt:3)
  A manticore (shapeshifter) (Abyss:3)
  10 merfolk sirens
  18 manticores
  A shadow dragon skeleton (Pan)
  2 stone giant skeletons
  6 guardian serpents
  4 apocalypse crabs
  16 vault sentinels
  A frost giant skeleton (Abyss:1)
  5 water nymphs
  2 guardian serpents (shapeshifter)
  2 fire giant skeletons
  An eye of devastation (Abyss:4)
  2 ice statues
  2 centaur zombies (D:14)
  6 torpor snails
  5 black mambas
  Psyche (D:9)
  An elephant (shapeshifter) (Abyss:2)
  22 orange demons
  2 molten gargoyles
  2 naga magi
  4 hellions
  A rust devil (Abyss:4)
  4 centaur skeletons
  42 smoke demons
  A titan simulacrum (Abyss:2)
  6 spiny frogs
  4 gargoyles
  A spiny frog (shapeshifter) (Vaults:5)
  A catoblepas zombie (Crypt:1)
  A dire elephant skeleton (Abyss:1)
  9 efreet
  2 komodo dragons (shapeshifter)
  A redback zombie (D:14)
  A pale draconian zombie (Crypt:2)
  16 hellwings
  3 rime drakes
  39 yaktaurs
  3 komodo dragons
  A yaktaur skeleton (Vaults:4)
  A red draconian skeleton (Crypt:2)
  3 tormentors
  15 demonic crawlers
  10 freezing wraiths
  3 kobold demonologists
  5 guardian mummies (Crypt:1)
  An ice devil (Pan)
  A queen bee (Depths:4)
  A pale draconian skeleton (Crypt:3)
  A purple draconian skeleton (Crypt:1)
  16 red devils
  A troll (shapeshifter) (Depths:4)
  33 merfolk
  2 yellow draconian skeletons
  25 ancient zymes
  7 trolls
  2 silent spectres
  3 tengu conjurers
  27 jumping spiders
  A meliai (D:14)
  A polar bear (shapeshifter) (Depths:2)
  A merfolk (shapeshifter) (Vaults:5)
  A meliai (shapeshifter) (Vaults:5)
  6 tyrant leeches
  A hydra skeleton (Abyss:4)
  16 polar bears
  21 hornets
  A wind drake (shapeshifter) (Elf:1)
  89 raiju
  2 wind drakes
  20 slime creatures
  3 dream sheep (Shoals:3)
  12 blink frogs
  16 hippogriffs
  A hornet (shapeshifter) (Depths:5)
  A meliai zombie (Crypt:3)
  4 bog bodies
  50 saltlings (Desolation)
  A fire dragon zombie (Depths:1)
  9 snapping turtles
  A frost giant simulacrum (Abyss:4)
  A stone giant simulacrum (Abyss:4)
  5 air elementals
  12 flying skulls
  78 starcursed masses
  5 wyverns
  3 shadows
  2 dire elephant simulacra
  4 fire elementals
  84 redbacks
  A tarantella (shapeshifter) (Abyss:4)
  30 water elementals
  23 ynoxinuls
  A black mamba skeleton (Crypt:3)
  2 yaks (shapeshifter)
  25 tarantellas
  A fire bat (shapeshifter) (Vaults:4)
  4 basilisks
  52 yaks
  A golden eye (shapeshifter) (Abyss:3)
  11 golden eyes
  14 wraiths
  35 neqoxecs
  21 chaos spawn
  8 fire bats
  3 hungry ghosts
  4 vampire mosquitoes (D:12)
  2 spatial vortices
  3 steam dragons (Volcano)
  3 nagas (Abyss:4)
  3 yaktaur simulacra
  26 soldier ants
  12 insubstantial wisps
  4 wargs
  15 hell hounds
  4 acid dragons
  15 water moccasins
  A gelid demonspawn zombie (Crypt:3)
  A spiny frog skeleton (Crypt:1)
  2 water moccasins (shapeshifter)
  10 porcupines
  A merfolk skeleton (Pan)
  46 orc warriors
  3 sky beasts
  A black bear (D:6)
  A black bear (shapeshifter) (Depths:1)
  A hornet zombie (D:15)
  A black mamba simulacrum (Abyss:3)
  10 ice beasts
  5 eyes of draining
  An elf simulacrum (Vaults:5)
  A spriggan simulacrum (Depths:1)
  A manticore zombie (Abyss:2)
  4 necrophages
  A phantom (D:14)
  A snapping turtle skeleton (Pan)
  18 centaurs
  32 ogres
  A blink frog zombie (Crypt:2)
  A centaur (shapeshifter) (Vaults:4)
  A manticore skeleton (Crypt:3)
  27 wolves
  3 boggarts
  8 crocodiles
  A blink frog skeleton (Crypt:1)
  A salamander zombie (Crypt:3)
  A big kobold (D:8)
  2 gnoll sergeants
  11 bullfrogs
  2 earth elementals (Abyss:4)
  A glowing shapeshifter simulacrum (Vaults:5)
  An elf skeleton (Crypt:2)
  A troll zombie (Crypt:1)
  47 small abominations
  5 scorpions
  A human simulacrum (Vaults:1)
  A polar bear skeleton (Crypt:2)
  28 killer bees
  6 electric eels
  A tengu skeleton (Depths:2)
  2 wights
  2 howler monkeys (D:7)
  8 crimson imps
  A bullfrog zombie (Crypt:3)
  6 lava snakes (Volcano)
  A basilisk zombie (Crypt:2)
  7 jellies
  2 quasits (Abyss:3)
  5 gnoll shamans (D:3)
  36 orc priests
  9 hounds
  37 orc wizards
  A bullfrog skeleton (Crypt:1)
  7 iron imps
  A porcupine zombie (Crypt:1)
  2 iguanas
  A demonspawn skeleton (Crypt:2)
  A human skeleton (Crypt:2)
  28 worker ants
  A killer bee zombie (D:9)
  A naga zombie (Crypt:1)
  A deep dwarf zombie (Crypt:2)
  An ogre skeleton (Crypt:2)
  2 hound skeletons
  2 mummies
  2 worker ant zombies
  37 gnolls
  8 adders
  5 shadow imps
  4 white imps (Abyss:3)
  6 ufetubi
  5 oozes
  2 adder zombies
  5 worms
  3 ball lightnings (Pan)
  A barachi skeleton (Crypt:3)
  3 dart slugs (D:2)
  6 leopard geckos
  120 orcs
  2 ball pythons (D:1)
  4 giant cockroaches
  6 goblins
  6 hobgoblins
  30 jackals
  9 kobolds
  3 quokkas
  9 bats
  3 frilled lizards
  A gnoll skeleton (Crypt:1)
  A jackal skeleton (D:2)
  A kobold skeleton (Crypt:2)
  A leopard gecko zombie (D:5)
  An orc zombie (Crypt:2)
  A quokka skeleton (D:9)
  2 quokka zombies
  5 rats
  3 butterflies (Abyss:4)
  2 fire vortices (Pan)
  A fungus (D:2)
  3 lurking horrors
  3 plants
  16 starspawn tentacles
  6 tentacles
3524 creatures vanquished.

Vanquished Creatures (collateral kills)
  An unseen horror (D:14)
1 creature vanquished.

Vanquished Creatures (others)
  A golden dragon (Vaults:4)
  A deep elf master archer (Elf:3)
  An eldritch tentacle (Pan)
  A frost giant (Depths:4)
  A draconian annihilator (Depths:5)
  2 stone giants
  6 yaktaur captains
  A centaur warrior (Depths:4)
  A satyr (Shoals:3)
  A two-headed ogre (Vaults:5)
  A deep troll earth mage (Depths:4)
  2 deep elf archers
  4 fauns (Shoals:3)
  A cyclops (D:15)
  4 large abominations (Abyss:4)
  7 yaktaurs
  3 polar bears (IceCv)
  A blink frog (Abyss:4)
  3 redbacks
  A tarantella (Spider:4)
  A chaos spawn (Pan)
  3 yaks (IceCv)
  A golden eye (Abyss:4)
  A floating eye (shapeshifter) (Vaults:5)
  A water moccasin (Lair:6)
  An ettin simulacrum (Abyss:3)
  3 centaurs
  3 ogres
  4 wolves (IceCv)
  8 small abominations
  A starcursed mass (Abyss:4)
  A quasit (Abyss:4)
  An orc priest (Orc:2)
  5 ball lightnings (Pan)
  2 blocks of ice (Pan)
  A bush (Lair:6)
  11 fungi
  8 lurking horrors
  7 plants
  34 starspawn tentacles
  21 tentacles
161 creatures vanquished.

Grand Total: 3686 creatures vanquished

Notes
Turn   | Place    | Note
-------+----------+-------------------------------------------
     0 | D:1      | floatRand the Minotaur Fighter began the quest for the Orb.
     0 | D:1      | Reached XP level 1. HP: 19/19 MP: 0/0
   163 | D:1      | Reached XP level 2. HP: 27/27 MP: 1/1
   876 | D:1      | Reached XP level 3. HP: 33/33 MP: 2/2
  1123 | D:2      | Noticed a +0 dagger
  1124 | D:2      | Found a hide-covered altar of Uskayaw.
  1125 | D:2      | Noticed a +0 hand axe
  1305 | D:2      | Found a glowing golden altar of the Shining One.
  1331 | D:2      | Became a worshipper of the Shining One
  1758 | D:2      | Found a runed translucent door.
  1759 | D:2      | Noticed Crazy Yiuf
  1859 | D:3      | Found a shimmering blue altar of Sif Muna.
  1870 | D:3      | Reached XP level 4. HP: 24/40 MP: 3/3
  2365 | D:3      | Noticed a gnoll sergeant
  2381 | D:3      | Reached XP level 5. HP: 47/47 MP: 4/4
  2395 | D:3      | Reached skill level 5 in Axes
  2401 | D:3      | Reached XP level 6. HP: 31/55 MP: 1/5
  2757 | D:3      | Reached skill level 5 in Fighting
  2757 | D:3      | Reached skill level 5 in Armour
  2757 | D:3      | Reached skill level 5 in Shields
  2898 | D:3      | Reached * piety under the Shining One
  3207 | D:3      | Reached XP level 7. HP: 49/61 MP: 6/6
  4080 | D:4      | Found Irep Loq's Jewellery Boutique.
  4237 | D:4      | Found a shadowy altar of Dithmenos.
  4456 | D:4      | Noticed a hippogriff
  4471 | D:4      | Killed a hippogriff
  4959 | D:5      | Entered Level 5 of the Dungeon
  4959 | D:5      | Found a sparkling altar of Nemelex Xobeh.
  4982 | D:5      | Reached XP level 8. HP: 70/70 MP: 7/7
  5077 | D:5      | Found a hazy altar of Hepliaklqana.
  5084 | D:5      | Reached skill level 1 in Invocations
  5238 | D:5      | Reached ** piety under the Shining One
  5474 | D:6      | Found a staircase to the Ecumenical Temple.
  6381 | D:7      | Reached skill level 1 in Polearms
  6480 | D:7      | Reached XP level 9. HP: 78/79 MP: 8/10
  6593 | D:7      | Noticed Harold
  6619 | D:7      | Killed Harold
  7224 | D:4      | Bought a cursed +5 amulet of reflection for 420 gold pieces
  7508 | D:8      | Found a burning altar of Makhleb.
  7508 | D:8      | Found an iron altar of Okawaru.
  7510 | D:8      | Found an ancient bone altar of Kikubaaqudgha.
  7645 | D:8      | Reached skill level 5 in Polearms
  7850 | D:9      | Reached XP level 10. HP: 73/86 MP: 12/12
  8320 | D:9      | Reached skill level 5 in Invocations
  8326 | D:9      | Reached *** piety under the Shining One
  8532 | D:9      | Found a staircase to the Lair.
  8563 | D:9      | Noticed Psyche
  8572 | D:9      | Killed Psyche
  8745 | D:9      | Reached skill level 5 in Dodging
  8843 | D:10     | Entered Level 10 of the Dungeon
  9233 | D:10     | Found a bloodstained altar of Trog.
  9281 | D:10     | Found Unuohog's Jewellery Shoppe.
  9288 | D:10     | Bought an uncursed ring of poison resistance for 260 gold
                  | pieces
  9745 | D:11     | Noticed a gargoyle
  9770 | D:11     | Killed a gargoyle
  9776 | D:11     | Found a staircase to the Orcish Mines.
  9830 | D:11     | Reached XP level 11. HP: 92/92 MP: 14/14
  9919 | D:11     | Noticed a two-headed ogre
  9926 | D:11     | Killed a two-headed ogre
  9926 | D:11     | Reached skill level 10 in Armour
  9926 | D:11     | Reached skill level 10 in Shields
  9931 | D:11     | Reached **** piety under the Shining One
 10166 | D:11     | Found a bloodstained altar of Trog.
 10673 | D:12     | Noticed a two-headed ogre
 10687 | D:11     | Killed a two-headed ogre
 11549 | D:12     | Noticed a two-headed ogre
 11573 | D:12     | Killed a two-headed ogre
 11596 | D:12     | Noticed a red ugly thing
 11603 | D:12     | Noticed a seven-headed hydra
 11606 | D:12     | Killed a red ugly thing
 11614 | D:12     | Killed a seven-headed hydra
 12495 | Lair:1   | Entered Level 1 of the Lair of Beasts
 12527 | Lair:1   | Reached XP level 12. HP: 100/100 MP: 16/16
 13100 | Lair:1   | Found a large runed translucent door.
 13101 | Lair:1   | Found a large runed translucent door.
 13102 | Lair:1   | Noticed mcbry's ghost (novice TrMo)
 13130 | Lair:1   | Killed mcbry's ghost
 13130 | Lair:1   | Reached skill level 1 in Maces & Flails
 13518 | Lair:2   | Found a frozen archway.
 13792 | IceCv    | Entered an ice cave
 14850 | IceCv    | Reached ***** piety under the Shining One
 14850 | IceCv    | Noticed a frost giant
 14881 | IceCv    | Killed a frost giant
 14881 | IceCv    | Reached XP level 13. HP: 63/108 MP: 6/18
 15005 | IceCv    | Got a shimmering rapier
 15008 | IceCv    | Identified the +6 rapier of Subterfuge {pierce, Dex+3} (You
                  | found it in an ice cave)
 15010 | IceCv    | Got a slimy short sword
 15337 | Lair:2   | Found a hole to the Spider Nest.
 15781 | Lair:3   | Found a staircase to the Shoals.
 15813 | Lair:3   | Found a runed translucent gate.
 15814 | Lair:3   | Found a runed translucent gate.
 15815 | Lair:3   | Found a runed translucent gate.
 15817 | Lair:3   | Noticed mcbry's ghost (journeyman GnWn)
 16012 | Lair:3   | Noticed Gastronok
 16038 | Lair:3   | Killed Gastronok
 16950 | Lair:4   | Found a runed translucent gate.
 16951 | Lair:4   | Found a runed translucent gate.
 16951 | Lair:4   | Noticed Ratty's ghost (journeyman GnFi)
 16952 | Lair:4   | Found a runed translucent gate.
 17216 | Lair:4   | Reached skill level 10 in Dodging
 17495 | Lair:4   | Got an ivory scimitar
 17496 | Lair:4   | Identified the +6 scimitar of Bankruptcy {antimagic, rC-
                  | Dex+5} (You found it on level 4 of the Lair of Beasts)
 18098 | Lair:4   | Noticed a dire elephant
 18111 | Lair:4   | Killed a dire elephant
 18111 | Lair:4   | Reached skill level 10 in Fighting
 18129 | Lair:4   | Killed Ratty's ghost
 18558 | Lair:5   | Reached skill level 10 in Invocations
 18851 | Lair:5   | Identified a scroll of acquirement
 19573 | Lair:6   | Entered Level 6 of the Lair of Beasts
 19663 | Lair:6   | Found a staircase to the Slime Pits.
 19762 | Lair:6   | Reached XP level 14. HP: 122/122 MP: 20/20
 20665 | Lair:6   | Found a runed translucent door.
 23320 | D:14     | Reached ****** piety under the Shining One
 23438 | D:14     | Identified a +3 trishula of holy wrath (a +1 demon trident
                  | blessed by the Shining One)
 23438 | D:14     | Received a gift from the Shining One
 23603 | D:14     | HP: 5/124 [centaur warrior (10)]
 23609 | D:14     | HP: 4/124 [centaur warrior (7)]
 24000 | D:14     | Noticed a war gargoyle
 24015 | D:14     | Killed a war gargoyle
 24035 | D:14     | Reached XP level 15. HP: 49/130 MP: 17/22
 24363 | D:14     | Got an amber-encrusted ring mail
 24848 | D:14     | Reached skill level 10 in Polearms
 24854 | D:14     | Found a sacrificial altar of Ru.
 25043 | D:14     | Found a gate to the Vaults.
 25334 | D:14     | Identified the +3 ring mail of Ungigrali {Int+2} (You found
                  | it on level 14 of the Dungeon)
 25435 | D:14     | Noticed Josephine
 25439 | D:14     | Found a burning altar of Makhleb.
 25474 | D:14     | Killed Josephine
 25998 | Lair:3   | Killed mcbry's ghost
 26471 | D:15     | Entered Level 15 of the Dungeon
 26579 | D:15     | Reached skill level 15 in Armour
 26791 | D:15     | Reached skill level 15 in Shields
 26822 | D:15     | Found a shattered altar of Ashenzari.
 27468 | D:15     | Found a staircase to the Depths.
 27797 | Orc:1    | Entered Level 1 of the Orcish Mines
 28016 | Orc:2    | Entered Level 2 of the Orcish Mines
 28093 | Orc:2    | Found a dark tunnel.
 28225 | Volcano  | Entered a volcano
 28341 | Volcano  | Found a bloodstained altar of Trog.
 29123 | Orc:2    | Noticed an orc warlord
 29390 | Orc:1    | Noticed Sonja
 29408 | Orc:1    | Killed Sonja
 29581 | Orc:1    | Found a roughly hewn altar of Beogh.
 29592 | Orc:1    | Found Otuucol's Weapon Boutique.
 30214 | Orc:2    | Killed an orc warlord
 30214 | Orc:2    | Reached XP level 16. HP: 77/138 MP: 24/24
 30497 | Orc:2    | Found a staircase to the Elven Halls.
 30539 | Orc:2    | Gained mutation: You occasionally shout uncontrollably at
                  | your foes. [a neqoxec]
 30891 | Orc:2    | Found Gikuoqofot's Jewellery Shoppe.
 30891 | Orc:2    | Found Usoz Nue's Magic Scroll Shoppe.
 30892 | Orc:2    | Found Zoucwe Vurphu's Book Emporium.
 30895 | Orc:2    | Found Dup Vooja's Distillery.
 30923 | Orc:2    | Bought a scroll of identify for 28 gold pieces
 30927 | Orc:2    | Bought a potion of agility for 48 gold pieces
 30927 | Orc:2    | Bought a potion of brilliance for 48 gold pieces
 30927 | Orc:2    | Bought a potion of curing for 36 gold pieces
 30927 | Orc:2    | Bought a potion of ambrosia for 96 gold pieces
 30927 | Orc:2    | Bought a potion of agility for 48 gold pieces
 30927 | Orc:2    | Bought a potion of curing for 36 gold pieces
 30927 | Orc:2    | Bought a potion of heal wounds for 60 gold pieces
 30927 | Orc:2    | Bought a potion of curing for 36 gold pieces
 30927 | Orc:2    | Bought 2 potions of mutation for 192 gold pieces
 30927 | Orc:2    | Bought a potion of flight for 36 gold pieces
 30927 | Orc:2    | Bought a potion of berserk rage for 60 gold pieces
 30927 | Orc:2    | Bought a potion of agility for 48 gold pieces
 31730 | Spider:1 | Entered Level 1 of the Spider Nest
 31754 | Spider:1 | Reached skill level 1 in Stealth
 32862 | Spider:1 | Got an ichor-stained ring mail
 32981 | Spider:1 | Identified the +1 ring mail of Fortification {*Drain +Inv
                  | rCorr} (You found it on level 1 of the Spider Nest)
 32982 | Spider:1 | Identified the cursed +1 short sword "Zustyffe" {flame,
                  | rElec} (You found it in an ice cave)
 34370 | Spider:2 | Noticed Arachne
 34389 | Spider:2 | Killed Arachne
 35127 | Spider:2 | Found a runed translucent gate.
 35130 | Spider:2 | Found a runed translucent gate.
 35130 | Spider:2 | Found a runed translucent gate.
 35132 | Spider:2 | Noticed Jom Ituh's ghost (adept DDFi)
 35132 | Spider:2 | Noticed Pulopuxyer's ghost (adept GrFi)
 35995 | Spider:3 | Reached XP level 17. HP: 103/146 MP: 26/26
 37570 | Spider:4 | Entered Level 4 of the Spider Nest
 38001 | Spider:4 | Noticed Bai Suzhen
 38022 | Spider:4 | Killed Bai Suzhen
 40309 | Spider:4 | Got a gossamer rune of Zot
 40680 | Vaults:1 | Entered Level 1 of the Vaults
 41094 | Vaults:1 | Found a roughly hewn altar of Beogh.
 41097 | Vaults:1 | Reached XP level 18. HP: 144/157 MP: 27/27
 42126 | Vaults:2 | Found Xafeem's Assorted Antiques.
 42133 | Vaults:2 | Bought the +0 mask of the Dragon {MR+ Slay+3 SInv} for 1636
                  | gold pieces
 42133 | Vaults:2 | Found the +0 mask of the Dragon {MR+ Slay+3 SInv}
 42133 | Vaults:2 | Bought a pair of crude gloves for 465 gold pieces
 42258 | Vaults:2 | Reached skill level 5 in Stealth
 42708 | Vaults:2 | Got a faintly glowing battleaxe
 43115 | Vaults:2 | Noticed a tentacled monstrosity
 43120 | Vaults:2 | Killed a tentacled monstrosity
 43154 | Vaults:2 | Identified the +0 shield of Lemuph {rN+}
 43154 | Vaults:2 | Noticed Asterion
 43171 | Vaults:2 | Killed Asterion
 44062 | Vaults:2 | Found a radiant altar of Vehumet.
 44091 | Vaults:2 | Got a dazzling hat
 44208 | Vaults:3 | Found Olygid's Jewellery Emporium.
 44281 | Vaults:3 | Reached skill level 15 in Dodging
 44642 | Vaults:2 | Reached skill level 15 in Invocations
 44947 | Vaults:3 | Found a staircase to the Crypt.
 44947 | Vaults:3 | Found a basalt altar of Yredelemnul.
 44952 | Vaults:3 | Found an ancient bone altar of Kikubaaqudgha.
 45144 | Vaults:3 | Reached XP level 19. HP: 160/168 MP: 29/29
 45831 | Vaults:3 | Identified the +2 pair of gloves "Onuciha" {*Corrode rElec
                  | Dex+3} (You bought it in a shop on level 2 of the Vaults)
 46595 | Vaults:3 | Reached skill level 15 in Fighting
 48458 | Vaults:4 | Reached XP level 20. HP: 180/180 MP: 30/30
 48802 | Depths:1 | Entered Level 1 of the Depths
 49591 | Depths:1 | Identified the cursed +0 hat of Darkness {rCorr Str+4 SInv
                  | Stlth+} (You found it on level 2 of the Vaults)
 49821 | Depths:1 | Found a gateway to Hell.
 50030 | Depths:1 | Noticed Nikola
 50043 | Depths:1 | Killed Nikola
 50463 | Depths:1 | Found a one-way gate leading to the halls of Pandemonium.
 51519 | Depths:2 | Found Wezxarop's Jewellery Shoppe.
 51519 | Depths:2 | Found Tiumor's Assorted Antiques.
 51520 | Depths:2 | Found Qoynynor's Book Shoppe.
 51521 | Depths:2 | Found Wyntut's Magic Scroll Shoppe.
 51536 | Depths:2 | Bought a scroll of identify for 36 gold pieces
 51536 | Depths:2 | Bought a scroll of identify for 36 gold pieces
 51584 | Depths:2 | Identified the cursed +3 battleaxe "Qourch" {chop, Str+2
                  | Dex+5 Stlth+} (You found it on level 2 of the Vaults)
 51607 | Depths:2 | Bought a scroll of teleportation for 54 gold pieces
 51607 | Depths:2 | Bought a scroll of magic mapping for 63 gold pieces
 51607 | Depths:2 | Bought a scroll of teleportation for 54 gold pieces
 51607 | Depths:2 | Bought a scroll of magic mapping for 63 gold pieces
 51607 | Depths:2 | Bought a scroll of teleportation for 54 gold pieces
 51607 | Depths:2 | Bought a scroll of teleportation for 54 gold pieces
 51673 | Depths:2 | Reached skill level 10 in Stealth
 51763 | Depths:2 | Found Mosaehyu's Weapon Shoppe.
 52238 | Depths:2 | Reached XP level 21. HP: 190/190 MP: 32/32
 53578 | Depths:2 | Noticed a golden dragon
 53606 | Depths:2 | Noticed a golden dragon
 53608 | Depths:2 | Killed a golden dragon
 53620 | Depths:2 | Killed a golden dragon
 53633 | Depths:2 | Identified the cursed +0 falchion "Iroicvex" {flame, MR+
                  | Str+3} (You found it on level 2 of the Depths)
 54520 | D:4      | Bought the ring of Wefalono {rElec rPois MR++ Slay-3 SInv}
                  | for 374 gold pieces
 54741 | Orc:2    | Bought an uncursed ring of protection from magic for 250
                  | gold pieces
 54776 | Elf:1    | Entered Level 1 of the Elven Halls
 54869 | Elf:1    | Found a ruined gateway.
 54879 | Desolati | Entered the Desolation of Salt
 54910 | Desolati | Got a slimy rapier
 54913 | Desolati | Got a pitted ring mail
 54961 | Desolati | Got a pitted great sword
 55083 | Desolati | Got a scorched mace
 55091 | Desolati | Identified the Guide on the Blaze
 55102 | Desolati | Found the +6 shillelagh "Devastator" {shatter}
 55104 | Desolati | Identified the Volume of Combat Magic
 55655 | Desolati | Identified the Collected Works on the Supportive Compass
 55657 | Desolati | Identified the Guide on Cankerous Clay
 55666 | Desolati | Got a scintillating platinum ring
 55676 | Desolati | Found the +2 ratskin cloak {+Rats rPois rN+ Str-1 Int-1
                  | Dex+1}
 55680 | Desolati | Identified the Tome of Mutagenic Aid
 56576 | Elf:1    | Reached XP level 22. HP: 190/201 MP: 33/33
 57745 | Elf:2    | Found a runed translucent gate.
 57745 | Elf:2    | Found a runed translucent gate.
 57748 | Elf:2    | Found a runed translucent gate.
 57788 | Elf:3    | Entered Level 3 of the Elven Halls
 59116 | Elf:3    | Identified the cursed +1 broad axe "Esae" {freeze, rN++
                  | Str+4 Dex+4}
 59569 | Elf:3    | Identified the ring "Riuw" {rCorr Dex+5}
 59881 | Elf:3    | Found the +7 sceptre of Torment {pain, torment}
 59882 | Elf:3    | Identified the Collected Works on Transformation
 59990 | Elf:3    | Identified the ring "Keixkoyt" {+Fly Dex+4} (You found it
                  | in the Desolation of Salt)
 60558 | Depths:2 | Bought a scroll of identify for 76 gold pieces
 60560 | Depths:2 | Identified the +5 mace "Concordance" {venom, rC+ rN+++
                  | Str+3 Stlth-} (You found it in the Desolation of Salt)
 61022 | Depths:3 | Found Ugawos's Jewellery Boutique.
 61470 | Depths:3 | Got a pair of crude boots
 61487 | Depths:3 | Identified the +1 pair of boots "Yppat" {rPois MR+ rCorr}
                  | (You found it on level 3 of the Depths)
 61739 | Depths:3 | You fall into a shaft and drop 1 floor!
 61844 | Depths:3 | Reached XP level 23. HP: 166/211 MP: 35/35
 63110 | Depths:4 | Noticed Margery
 63136 | Depths:4 | Killed Margery
 63364 | Depths:4 | Found a runed translucent door.
 63416 | Depths:4 | Noticed Boris
 63451 | Depths:4 | Killed Boris
 63932 | Depths:4 | Identified the +1 ring mail "Bixiu" {rPois rN+ Dex+6} (You
                  | found it in the Desolation of Salt)
 63933 | Depths:4 | Identified the +10 great sword of Xiqaeffu {flame, rN++}
                  | (You found it in the Desolation of Salt)
 64113 | Depths:4 | Noticed Sojobo
 64894 | Depths:4 | Killed Sojobo
 65099 | Depths:4 | Noticed a caustic shrike
 65110 | Depths:4 | Killed a caustic shrike
 65143 | Depths:4 | Found a gateway to a ziggurat.
 65143 | Depths:4 | Found a one-way gate to the infinite horrors of the Abyss.
 65143 | Depths:4 | Noticed a caustic shrike
 65188 | Depths:4 | Killed a caustic shrike
 65316 | Depths:4 | Noticed a juggernaut
 65337 | Depths:4 | Killed a juggernaut
 65355 | Depths:4 | Reached XP level 24. HP: 127/223 MP: 35/35
 66148 | Depths:5 | Entered Level 5 of the Depths
 66545 | Depths:5 | Found a gate to the Realm of Zot.
 67768 | Crypt:1  | Entered Level 1 of the Crypt
 68082 | Crypt:1  | Identified the ring "Yshruppi" {rC+ MR+}
 68082 | Crypt:1  | Noticed Khufu
 68095 | Crypt:1  | Killed Khufu
 69040 | Crypt:2  | Noticed Frederick
 69052 | Crypt:2  | Killed Frederick
 69154 | Crypt:2  | Found an ancient bone altar of Kikubaaqudgha.
 70021 | Crypt:3  | Entered Level 3 of the Crypt
 70200 | Crypt:3  | Reached XP level 25. HP: 234/234 MP: 35/35
 70478 | Crypt:3  | Noticed an ancient lich
 70495 | Crypt:3  | Killed an ancient lich
 70502 | Crypt:3  | Noticed an ancient lich
 70502 | Crypt:3  | Noticed an ancient lich
 70517 | Crypt:3  | Killed an ancient lich
 70521 | Crypt:3  | Killed an ancient lich
 70573 | Crypt:3  | Identified the cursed +2 glaive of Generosity {holy, rC+
                  | Dex+5} (You found it on level 3 of the Crypt)
 70653 | Crypt:3  | Found a staircase to the Tomb.
 71086 | Vaults:5 | Entered Level 5 of the Vaults
 71326 | Vaults:5 | Identified the +2 war axe "Tattletale" {antimagic, Str+4}
 72949 | Vaults:5 | Reached XP level 26. HP: 182/246 MP: 36/36
 73240 | Vaults:5 | Got a silver rune of Zot
 73506 | Vaults:5 | Got a scorched copper ring
 73515 | Vaults:5 | Identified the ring of Jirucimipt {*Tele rF+} (You found it
                  | on level 5 of the Vaults)
 73656 | Vaults:5 | Identified the +10 whip of Vabbyola {vamp, rN+++}
 73926 | Vaults:5 | Identified the cursed +1 ring mail of the Rose {rCorr
                  | Str+7} (You found it on level 5 of the Vaults)
 75032 | Shoals:1 | Entered Level 1 of the Shoals
 75984 | Shoals:1 | Found Aleyming's Weapon Emporium.
 76019 | Shoals:1 | Found Wagu's Food Emporium.
 76187 | Shoals:1 | Identified the +7 long sword "Geazoperu" {venom, Int+4
                  | Stlth+} (You found it on level 1 of the Shoals)
 76589 | Shoals:2 | Found Puhuhoun's Gadget Emporium.
 76996 | Shoals:3 | Noticed Ilsuiw
 77036 | Shoals:3 | Killed Ilsuiw
 77074 | Shoals:3 | Noticed Jorgrun
 77085 | Shoals:3 | Killed Jorgrun
 78004 | Shoals:4 | Entered Level 4 of the Shoals
 78156 | Shoals:4 | Identified the +0 leather armour of Padid {Int+2 Dex+2}
                  | (You found it on level 4 of the Shoals)
 78162 | Shoals:4 | Identified the cursed +2 triple sword of the Desert {venom,
                  | rElec Int+6}
 78421 | Shoals:4 | Identified the Tome of Shifting Venom
 78913 | Shoals:4 | Got a barnacled rune of Zot
 79098 | Shoals:4 | Found the +4 dagger "Morg" {pain, MR+ Int+5}
 79141 | Shoals:4 | Identified the +6 morningstar of Gozag's Favour {vamp,
                  | Dex+5}
 79842 | Depths:4 | Voluntarily entered the Abyss.
 80254 | Abyss:2  | Found a corrupted altar of Lugonu.
 80404 | Abyss:3  | Found a corrupted altar of Lugonu.
 80408 | Abyss:3  | Found a sacrificial altar of Ru.
 80458 | Abyss:3  | Found a sacrificial altar of Ru.
 80539 | Abyss:3  | Reached XP level 27. HP: 258/258 MP: 36/36
 81417 | Abyss:4  | Found a corrupted altar of Lugonu.
 81551 | Abyss:4  | Found a corrupted altar of Lugonu.
 81647 | Abyss:4  | Gained mutation: You are agile. (Dex +2) [a cacodemon]
 81681 | Depths:4 | Escaped the Abyss
 81688 | Depths:4 | Voluntarily entered the Abyss.
 81742 | Abyss:3  | Found a corrupted altar of Lugonu.
 81995 | Abyss:3  | Paralysed by accursed screaming for 1 turns
 82057 | Abyss:3  | Paralysed by accursed screaming for 1 turns
 82266 | Abyss:3  | Gained mutation: You tend to lose your temper in combat. [a
                  | neqoxec]
 82267 | Abyss:3  | Gained mutation: Armour fits poorly on your strangely
                  | shaped body. [a neqoxec]
 82558 | Abyss:4  | Gained mutation: Your magical capacity is low. (-10% MP) [a
                  | cacodemon]
 82563 | Abyss:4  | Lost mutation: You are agile. (Dex +2) [a cacodemon]
 83006 | Depths:4 | Escaped the Abyss
 83048 | Depths:4 | Identified the +11 great sword of Yxiryuth {slice, rC+
                  | Int+4}
 83300 | Depths:4 | Lost mutation: Your magical capacity is low. (-10% MP)
                  | [potion of mutation]
 83300 | Depths:4 | Lost mutation: Armour fits poorly on your strangely shaped
                  | body. [potion of mutation]
 83300 | Depths:4 | Lost mutation: You tend to lose your temper in combat.
                  | [potion of mutation]
 83300 | Depths:4 | Gained mutation: You tend to lose your temper in combat.
                  | [potion of mutation]
 83300 | Depths:4 | Gained mutation: You are somewhat resistant to further
                  | mutation. [potion of mutation]
 83300 | Depths:4 | Gained mutation: Your flesh is cold resistant. (rC+)
                  | [potion of mutation]
 83301 | Depths:4 | Lost mutation: You are somewhat resistant to further
                  | mutation. [potion of mutation]
 83301 | Depths:4 | Lost mutation: You occasionally shout uncontrollably at
                  | your foes. [potion of mutation]
 83301 | Depths:4 | Gained mutation: You have a pair of large horns on your
                  | head. [potion of mutation]
 83301 | Depths:4 | Gained mutation: Your muscles are strong. (Str +2) [potion
                  | of mutation]
 83302 | Depths:4 | Lost mutation: Your muscles are strong. (Str +2) [potion of
                  | mutation]
 83302 | Depths:4 | Lost mutation: You tend to lose your temper in combat.
                  | [potion of mutation]
 83302 | Depths:4 | Lost mutation: You have a pair of large horns on your head.
                  | [potion of mutation]
 83302 | Depths:4 | Lost mutation: Your flesh is cold resistant. (rC+) [potion
                  | of mutation]
 83302 | Depths:4 | Gained mutation: Your system is resistant to poisons.
                  | (rPois) [potion of mutation]
 83302 | Depths:4 | Gained mutation: Your flesh is cold resistant. (rC+)
                  | [potion of mutation]
 83302 | Depths:4 | Gained mutation: You are agile. (Dex +2) [potion of
                  | mutation]
 83302 | Depths:4 | Gained mutation: You are resistant to electric shocks.
                  | (rElec) [potion of mutation]
 83415 | Depths:4 | Voluntarily entered the Abyss.
 83545 | Abyss:2  | Noticed an ancient lich
 83555 | Abyss:2  | Killed an ancient lich
 83821 | Abyss:2  | Got a slimy chain mail
 84009 | Abyss:3  | Found a corrupted altar of Lugonu.
 84021 | Abyss:3  | Identified the +5 chain mail of Kiymext {MR+++ Int+2 Dex-5
                  | Slay-3} (You found it on level 2 of the Abyss)
 84028 | Abyss:3  | Found an iron altar of Okawaru.
 84688 | Abyss:3  | Found a shimmering blue altar of Sif Muna.
 84758 | Abyss:3  | Identified the Volume of Companions
 84883 | Abyss:3  | Found a corrupted altar of Lugonu.
 85239 | Abyss:3  | Got a transparent mace
 85889 | Abyss:3  | Gained mutation: You are frail. (-10% HP) [a neqoxec]
 85974 | Abyss:3  | Got an abyssal rune of Zot
 86267 | Abyss:4  | Gained mutation: Your body sometimes deteriorates upon
                  | taking damage. [a neqoxec]
 86463 | Depths:4 | Escaped the Abyss
 86464 | Depths:4 | Lost mutation: You are resistant to electric shocks.
                  | (rElec) [potion of mutation]
 86464 | Depths:4 | Lost mutation: Your flesh is cold resistant. (rC+) [potion
                  | of mutation]
 86464 | Depths:4 | Lost mutation: Your body sometimes deteriorates upon taking
                  | damage. [potion of mutation]
 86464 | Depths:4 | Gained mutation: Armour fits poorly on your strangely
                  | shaped body. [potion of mutation]
 86464 | Depths:4 | Gained mutation: You have large cloven feet. [potion of
                  | mutation]
 86465 | Depths:4 | Lost mutation: You are frail. (-10% HP) [potion of
                  | mutation]
 86465 | Depths:4 | Lost mutation: Armour fits poorly on your strangely shaped
                  | body. [potion of mutation]
 86465 | Depths:4 | Lost mutation: Your system is resistant to poisons. (rPois)
                  | [potion of mutation]
 86465 | Depths:4 | Lost mutation: You have large cloven feet. [potion of
                  | mutation]
 86465 | Depths:4 | Gained mutation: You are resistant to electric shocks.
                  | (rElec) [potion of mutation]
 86465 | Depths:4 | Gained mutation: Your flesh is heat resistant. (rF+)
                  | [potion of mutation]
 86465 | Depths:4 | Gained mutation: You are partially covered in iridescent
                  | scales. (AC +2) [potion of mutation]
 86721 | Pan      | Entered Pandemonium
 86754 | Pan      | Reached skill level 15 in Stealth
 86816 | Pan      | Identified the cursed +3 mace "Dizysk" {antimagic, +Blink
                  | rC+} (You found it on level 3 of the Abyss)
 86931 | Pan      | Noticed Ido Sema the pandemonium lord
 86961 | Pan      | Killed Ido Sema the pandemonium lord
 86969 | Pan      | Reached skill level 15 in Polearms
 87121 | Pan      | Entered the realm of Cerebov.
 87637 | Pan      | Identified the ring "Temoog" {*Contam MP+9 Str+3 Dex+4}
 87715 | Pan      | Identified the +6 sword of Cerebov {flame}
 87715 | Pan      | Noticed Cerebov
 87739 | Pan      | Reached skill level 27 in Armour
 87925 | Pan      | Killed Cerebov
 88031 | Pan      | Got a fiery rune of Zot
 88377 | Pan      | Identified the +1 pair of gloves of Omudej {rPois Str+2
                  | Int+2} (You found it in Pandemonium)
 88393 | Pan      | Identified Sif Muna's Volume of the Quantum Birds
 88474 | Pan      | Identified the Catalogue of Space
 89189 | Pan      | Noticed Jitreg the pandemonium lord
 89205 | Pan      | Killed Jitreg the pandemonium lord
 89394 | Pan      | Entered the realm of Gloorx Vloq.
 89453 | Pan      | Noticed Gloorx Vloq
 89476 | Pan      | Killed Gloorx Vloq
 89660 | Pan      | Got a dark rune of Zot
 90108 | Pan      | Entered the realm of Mnoleg.
 90177 | Pan      | Gained mutation: You are dopey. (Int -2) [a shining eye]
 90185 | Pan      | Gained mutation: Scrolls take you a little longer to read.
                  | [a neqoxec]
 90248 | Pan      | Gained mutation: You have a pair of large horns on your
                  | head. [a neqoxec]
 90252 | Pan      | Gained mutation: Your body sometimes deteriorates upon
                  | taking damage. [a neqoxec]
 90254 | Pan      | Lost intelligence.
 90297 | Pan      | Lost intelligence.
 90414 | Pan      | Gained mutation: You are frail. (-10% HP) [a neqoxec]
 90623 | Pan      | Identified the +3 ring mail of the Worm {rPois rC+ Dex+3
                  | Slay-4} (You found it in Pandemonium)
 90722 | Pan      | Gained mutation: You tend to lose your temper in combat. [a
                  | neqoxec]
 90726 | Pan      | Gained mutation: Armour fits poorly on your strangely
                  | shaped body. [a neqoxec]
 90993 | Pan      | Gained mutation: Your flesh is cold resistant. (rC+) [a
                  | cacodemon]
 91243 | Pan      | Gained mutation: Your body often deteriorates upon taking
                  | damage. [a cacodemon]
 91270 | Pan      | Lost mutation: You are frail. (-10% HP) [a cacodemon]
 91273 | Pan      | Gained mutation: Your magical capacity is low. (-10% MP) [a
                  | cacodemon]
 91339 | Pan      | Lost intelligence.
 91339 | Pan      | Gained mutation: You are very dopey. (Int -4) [a cacodemon]
 91578 | Pan      | Lost mutation: You are agile. (Dex +2) [a neqoxec]
 91800 | Pan      | Gained mutation: Your magical capacity is very low. (-20%
                  | MP) [a cacodemon]
 91842 | Pan      | Noticed Mnoleg
 91858 | Pan      | Killed Mnoleg
 91858 | Pan      | Reached skill level 27 in Fighting
 91899 | Pan      | Gained mutation: Scrolls take you longer to read. [a
                  | neqoxec]
 91915 | Pan      | Gained mutation: You are clumsy. (Dex -2) [a cacodemon]
 91916 | Pan      | Gained mutation: Your spells are a little easier to cast,
                  | but a little less powerful. [a cacodemon]
 91939 | Pan      | Got a glowing rune of Zot
 91979 | Pan      | Entered the realm of Lom Lobon.
 92249 | Pan      | Found an exit through the horrors of the Abyss.
 92757 | Pan      | Lost mutation: Armour fits poorly on your strangely shaped
                  | body. [potion of mutation]
 92757 | Pan      | Lost mutation: Your flesh is cold resistant. (rC+) [potion
                  | of mutation]
 92757 | Pan      | Lost mutation: You are clumsy. (Dex -2) [potion of
                  | mutation]
 92757 | Pan      | Lost mutation: Scrolls take you longer to read. [potion of
                  | mutation]
 92758 | Pan      | Lost mutation: Your magical capacity is very low. (-20% MP)
                  | [potion of mutation]
 92758 | Pan      | Lost mutation: Scrolls take you a little longer to read.
                  | [potion of mutation]
 92758 | Pan      | Gained mutation: You often lose your temper in combat.
                  | [potion of mutation]
 92758 | Pan      | Gained mutation: Your system is resistant to poisons.
                  | (rPois) [potion of mutation]
 92759 | Pan      | Lost mutation: Your flesh is heat resistant. (rF+) [potion
                  | of mutation]
 92759 | Pan      | Lost mutation: You often lose your temper in combat.
                  | [potion of mutation]
 92759 | Pan      | Gained mutation: You expend magic power (3 MP) to
                  | strengthen your wands. [potion of mutation]
 92760 | Pan      | Lost mutation: You are very dopey. (Int -4) [potion of
                  | mutation]
 92760 | Pan      | Lost mutation: Your system is resistant to poisons. (rPois)
                  | [potion of mutation]
 92760 | Pan      | Lost mutation: You are resistant to electric shocks.
                  | (rElec) [potion of mutation]
 92760 | Pan      | Lost mutation: You expend magic power (3 MP) to strengthen
                  | your wands. [potion of mutation]
 92760 | Pan      | Lost mutation: You have a pair of large horns on your head.
                  | [potion of mutation]
 92760 | Pan      | Gained mutation: You are frail. (-10% HP) [potion of
                  | mutation]
 92760 | Pan      | Gained mutation: You are partially covered in slimy green
                  | scales. (AC +2) [potion of mutation]
 92761 | Pan      | Lost mutation: You are partially covered in iridescent
                  | scales. (AC +2) [potion of mutation]
 92761 | Pan      | Lost mutation: You are partially covered in slimy green
                  | scales. (AC +2) [potion of mutation]
 92761 | Pan      | Lost mutation: You are dopey. (Int -2) [potion of mutation]
 92761 | Pan      | Lost mutation: You tend to lose your temper in combat.
                  | [potion of mutation]
 92761 | Pan      | Gained mutation: You are agile. (Dex +2) [potion of
                  | mutation]
 92761 | Pan      | Lost mutation: You are agile. (Dex +2) [potion of mutation]
 92761 | Pan      | Gained mutation: Your mind is acute. (Int +2) [potion of
                  | mutation]
 92762 | Pan      | Lost mutation: Your spells are a little easier to cast, but
                  | a little less powerful. [potion of mutation]
 92762 | Pan      | Lost mutation: You are frail. (-10% HP) [potion of
                  | mutation]
 92762 | Pan      | Lost mutation: Your magical capacity is low. (-10% MP)
                  | [potion of mutation]
 92762 | Pan      | Gained mutation: Your magical capacity is low. (-10% MP)
                  | [potion of mutation]
 92762 | Pan      | Gained mutation: Armour fits poorly on your strangely
                  | shaped body. [potion of mutation]
 92762 | Pan      | Lost mutation: Your body often deteriorates upon taking
                  | damage. [potion of mutation]
 92762 | Pan      | Gained mutation: Your spells are a little harder to cast,
                  | but a little more powerful. [potion of mutation]
 92786 | Pan      | Noticed Lom Lobon
 92851 | Pan      | HP: 3/273 [Lom Lobon/great icy blast (26)]
 92858 | Pan      | HP: 9/273 [Lom Lobon/tornado (15)]
 92859 | Pan      | Killed from afar by Lom Lobon

Levels and vault maps discovered:
D:1:      wheals_arrival_linesprint, layout_loops_cross,
          serial_co_window_serial, co_window_corner_a,
          co_window_of_opportunity_a, co_window_paths_b,
          co_window_of_opportunity_a, co_window_paths_a, co_window_paths_c,
          co_window_paths_c, co_window_of_opportunity_b,
          co_window_of_opportunity_b, co_window_broadway_c, glass_columns_a,
          minmay_cut_off
D:2:      layout_basic, dancing_weapons_uskayaw, first_ration,
          serial_corexii_hall, corexii_hall_statues_u, corexii_hall_statues_s,
          nicolae_tso_carved_into_rock, uniq_crazy_yiuf_cottage
D:3:      lemuel_castle_with_subvaults [lemuel_castle_interior_carwin_3],
          layout_loops_ring, led_sif_book, chequers_arboretum
D:4:      layout_layer_cave, nicolae_dithmenos_the_darkroom, serial_shops, shop,
          st_stairs_6, minmay_door_square
D:5:      layout_rooms, marbit_many_paths, basic_altar, serial_bayou_ford_a,
          kennysheep_cluttered_room
D:6:      layout_layer_cave, minmay_temple_entry_trees
D:7:      layout_rooms, serial_rivers, chequers_serial_rivers_small_3,
          chequers_serial_rivers_room_a, chequers_serial_rivers_room_a,
          chequers_serial_rivers_large_a, chequers_serial_rivers_marsh,
          uniq_harold
D:8:      layout_rooms, chequers_temple_overflow_statue_of_worship
D:9:      layout_basic, lair_entry_dummy, hangedman_fish_farm, uniq_psyche
D:10:     layout_rooms, basic_altar, serial_corexii_hall,
          chequers_hall_statues_corner_a, corexii_hall_statues_i, serial_shops,
          kennysheep_mini
D:11:     layout_stronghold, david_orc_2, basic_altar
D:12:     layout_long_grid, amethyst_killhole, patterned_corridor
D:13:     layout_loops_ring
D:14:     minmay_heptahexagon, layout_irregular_city, erik_vaults_2,
          serial_co_window_serial, co_window_paths_a, co_window_paths_a,
          co_window_corner_a, co_window_paths_b, co_window_paths_a,
          co_window_paths_b, co_window_corner_a, co_window_of_opportunity_a,
          co_window_corner_a, co_window_paths_c, co_window_2corner,
          co_window_corner_cb, co_window_corner_cb, glass_columns_b,
          glass_columns_c, glass_columns_c, basic_altar,
          minmay_misc_feat_rugged, nicolae_ru_awakened_eye, uniq_josephine
D:15:     hangedman_depths_entry_civil_slaughter, layout_basic,
          evilmike_ruin_ashenzari
Lair:1:   layout_big_grid, ebering_ghost_disaster_area, grunt_megastairs_3,
          lemuel_fruit_fields
Lair:2:   layout_regular_city, nicolae_spider_entry_non_spiders,
          portal_ice_cave_rime
Lair:3:   layout_chaotic_city, elwin_shoals_entry_rocks, gammafunk_ghost_split,
          minmay_lair_oklob_chamber, uniq_gastronok
Lair:4:   beast_lair_carwin_large_1, layout_regular_city,
          gammafunk_ghost_hydra_chop, serial_bayou_shore_a, serial_bayou_shore_b
Lair:5:   layout_regular_city, ice2_lemuel
Lair:6:   wormcave, layout_loops_ring, nicolae_slime_entry_slimehenge,
          bh_autumn_forest_stairs, st_stairs_12, lemuel_fruit_tree
Shoals:1: layout_shoals, serial_shops, nicolae_shop_stone,
          nicolae_shop_window_shopping
Shoals:2: layout_shoals, serial_shops, shop
Shoals:3: layout_shoals, uniq_jorgrun, uniq_ilsuiw
Shoals:4: shoals_end_grunt_ice, layout_shoals
Spider:1: layout_chambers
Spider:2: layout_spider_delve, gammafunk_ghost_cemetery,
          nicolae_spider_cling_ruins, uniq_arachne
Spider:3: layout_chambers, minivault_29, nicolae_spider_cling_halls
Spider:4: grunt_spider_rune_circles, nicolae_spider_webbed_stairs,
          uniq_bai_suzhen
Orc:1:    minmay_goldmine, layout_caves, serial_shops, shop, basic_altar,
          uniq_sonja
Orc:2:    st_orc_mages, layout_caves, nicolae_volcano_entry_vermiform
Elf:1:    elf_arrival_002, layout_gridlike, portal_desolation_entry_ruin,
          kennysheep_underground_church, drop_trap, minivault_4, st_stairs_1,
          solitary_fountain
Elf:2:    layout_gridlike
Elf:3:    elf_hall, layout_geoelf_castle, minivault_16, nicolae_wwwww,
          minivault_25_ag
Vaults:1: special_room_vaults [special_room_orc], vaults_dpeg_spiral,
          vaults_dpeg_cross, v_alt_pattern_3, nicolae_vaults_ring_of_whatevers,
          nicolae_vaults_asterisk, layout_vaults_omnigrid
Vaults:2: v_misc_16, grunt_tower_of_power, v_misc_11, v_misc_31,
          nicolae_vaults_little_ls, v_rooms_5, nicolae_vaults_little_squares_2,
          vaults_room_door_ring, vaults_mumra_chevron_long,
          ontoclasm_vaults_ring_square, hangedman_vaults_stretched_pinwheel,
          nicolae_vaults_little_squares_4, vaults_mumra_hex,
          layout_vaults_omnibox, serial_shops, nicolae_shop_stone, uniq_asterion
Vaults:3: v_misc_32, v_misc_27, nicolae_vaults_windows_and_doors_thing,
          minmay_crypt_entry_necro_gods, grunt_vaults_hallway_short,
          vaults_room_pools, nicolae_vaults_network_square,
          vaults_standard_mumra_x, nicolae_vaults_little_squares_6,
          nicolae_vaults_meeting, nicolae_vaults_network_periphery,
          vaults_room_pool, layout_vaults_maze, serial_shops, shop
Vaults:4: hangedman_vaults_pinch, hangedman_vaults_capsules,
          hangedman_vaults_hat, hangedman_vaults_stitches, st_cells,
          vaults_room_door_ring, nicolae_vaults_yaktaur_gun_rack,
          layout_vaults_big_room
Vaults:5
Crypt:1:  ragdoll_tomb_raider, layout_gridlike
Crypt:2:  layout_gridlike, lemuel_mausoleum_altar_kikubaaqudgha, uniq_frederick
Crypt:3:  david_glass_crypt, layout_gridlike, nicolae_tomb_entry_rubble_hallway,
          serial_sigils_hangedman_etch
Depths:1: layout_basic, hellmouth_1, minmay_misc_feat_ornament,
          rand_demon_pan_entry_3, roderic_lattice_a, grunt_ministairs_9,
          grunt_decor_clamped, solitary_fountain, kennysheep_pointless_box,
          minmay_crystal_water, evilmike_ambush [evilmike_ambush_outer_pillars,
          evilmike_ambush_inner_basic], uniq_nikola
Depths:2: kennysheep_snake, layout_gridlike, hell_entry,
          hangedman_decor_slide_cut, serial_shops, nicolae_shop_stone,
          minmay_shop_grid_forest, infiniplex_staircase_pillars_1
Depths:3: minmay_the_grid_triangle_9x9_line_8_mashed
          [minmay_the_grid_triangle_9x9_corruption,
          minmay_the_grid_triangle_9x9_zippers_horizontal,
          minmay_the_grid_triangle_9x9_windchime,
          minmay_the_grid_triangle_9x9_sprig,
          minmay_the_grid_triangle_9x9_longest,
          minmay_the_grid_triangle_9x9_wacky_v,
          minmay_the_grid_triangle_9x9_descending_squares,
          minmay_the_grid_triangle_9x9_prize_top_heavy], layout_small_grid,
          grunt_hell_horde, pan_entry, special_room [special_room_jelly],
          minivault_14, minmay_shop_enchanted_jewellery, minmay_liquid_box
Depths:4: box_level_dp, abyss_entry, hell_entry, uniq_boris, uniq_margery,
          uniq_sojobo
Depths:5: grunt_zot_entry_tricorne, layout_long_grid, corexii_corridor_pit,
          hell_entry
Pan:      evilmike_mini_pan_possible_glass, layout_pan_divisions_b
          [pan_division_quadrant_b4, pan_division_quadrant_b6,
          pan_division_quadrant_b3, pan_division_quadrant_b4],
          evilmike_cerebov_lava, layout_basic, evilmike_mini_pan_doors_b,
          layout_pan_divisions_a [pan_division_quadrant_a1,
          pan_division_quadrant_a5, pan_division_quadrant_a3,
          pan_division_quadrant_a2, pan_division_octagon_halves],
          evilmike_mini_pan_corridor, layout_onion_city,
          pan_blood_fountain_small, gloorx_vloq_grunt, layout_basic,
          pan_blood_fountain_2, nicolae_pan_sick_transit, lemuel_hall_of_pain,
          layout_gridlike, mnoleg_grunt_wretched_star, layout_irregular_city,
          nicolae_pan_sigil_eeng, lom_lobon_spiral_st, layout_onion_city

Skill      XL: |  1  2  3  4  5  6  7  8  9 10 11 12 13 14 15 16 17 18 19 20 21 22 23 24 25 26 27 |
---------------+----------------------------------------------------------------------------------+-----
Axes           | 3 4 5 6 7 8 |  8.3
Armour         | 4 5 6 7 8 9 11 12 13 14 15 16 17 18 19 20 21 22 23 24 25 27 | 27.0
Shields        | 4 5 6 7 8 9 11 12 13 14 15 | 15.3
Fighting       | 4 5 6 7 8 10 11 13 14 15 16 17 18 19 20 21 23 27 | 27.0
Invocations    | 2 4 6 7 9 10 11 12 13 14 15 16 17 18 19 20 21 24 | 24.1
Polearms       | 2 5 7 8 9 11 12 14 17 | 17.8
Dodging        | 3 5 7 9 10 11 13 14 15 16 17 18 19 20 21 22 25 | 25.4
Maces & Flails | 3 |  3.6
Stealth        | 4 6 8 10 11 12 13 14 16 | 16.8

Action                   |  1- 3 |  4- 6 |  7- 9 | 10-12 | 13-15 | 16-18 | 19-21 | 22-24 | 25-27 || total
-------------------------+-------+-------+-------+-------+-------+-------+-------+-------+-------++-------
Melee: War axe           |   102 |    98 |   106 |       |       |       |       |       |       ||   306
       Headbutt          |    14 |    23 |    46 |   231 |   417 |   461 |   547 |   656 |  1476 ||  3871
       Whip              |       |       |   210 |   739 |  1037 |       |       |       |       ||  1986
       Trident           |       |       |       |   149 |    11 |       |       |       |       ||   160
       Trishula          |       |       |       |       |   656 |  2040 |  1895 |  2232 |  4904 || 11727
Invok: Divine Shield     |       |       |     1 |       |       |       |     1 |       |       ||     2
       Summon Divine War |       |       |       |       |     1 |       |       |     1 |     1 ||     3
       Brand Weapon With |       |       |       |       |     1 |       |       |       |       ||     1
       Cleansing Flame   |       |       |       |       |     2 |     1 |     4 |     2 |    10 ||    19
 Abil: Evoke Flight      |       |       |       |       |     1 |       |       |       |       ||     1
Evoke: Wand              |       |       |       |     8 |     4 |     1 |       |     2 |     2 ||    17
  Use: Scroll            |       |     4 |     3 |    12 |    20 |    12 |    18 |    15 |    30 ||   114
       Potion            |       |       |       |     2 |     8 |     9 |     4 |       |    31 ||    54
  Eat: Chunk             |     3 |     4 |    10 |    20 |    16 |    22 |    22 |    12 |    14 ||   123
       Ration            |       |       |     2 |     1 |    10 |     8 |     5 |    10 |    19 ||    55
Armor: Scale mail        |    61 |    32 |    23 |       |       |       |       |       |       ||   116
       Chain mail        |       |       |    94 |   202 |   376 |   267 |       |       |       ||   939
       Storm dragon scal |       |       |       |       |       |   163 |   198 |       |       ||   361
       Gold dragon scale |       |       |       |       |       |       |   146 |   546 |  1090 ||  1782
Dodge: Dodged            |    29 |    33 |    69 |   186 |   513 |   675 |   469 |   507 |  1744 ||  4225
Block: Shield            |    56 |    55 |   176 |   655 |  1335 |  1447 |  1121 |  1443 |  3455 ||  9743
       Reflection        |       |       |       |    17 |    48 |    42 |   101 |    93 |   165 ||   466

Table legend:
 A = Non-vault XP
 B = Vault XP
 C = Vault XP percentage of total XP
 D = Non-vault monster count
 E = Vault monster count
 F = Vault count percentage of total count
                 A         B        C        D         E       F
            +---------+---------+-------+---------+---------+-------
      Total | 1149093 | 1058181 |  47.9 |    2302 |    1230 |  34.8
            +---------+---------+-------+---------+---------+-------
        D:1 |      34 |       8 |  19.0 |      21 |       4 |  16.0
        D:2 |      39 |       0 |   0.0 |      18 |       0 |   0.0
        D:3 |     115 |     813 |  87.6 |      12 |      52 |  81.2
        D:4 |     394 |       0 |   0.0 |      10 |       0 |   0.0
        D:5 |     156 |     115 |  42.4 |       8 |       1 |  11.1
        D:6 |     519 |       0 |   0.0 |      17 |       0 |   0.0
        D:7 |    1478 |     981 |  39.9 |      21 |       1 |   4.5
        D:8 |     830 |       0 |   0.0 |      13 |       0 |   0.0
        D:9 |    2352 |     747 |  24.1 |      29 |       2 |   6.5
       D:10 |     755 |       0 |   0.0 |      22 |       0 |   0.0
       D:11 |    5632 |      18 |   0.3 |      41 |       6 |  12.8
       D:12 |    6624 |       0 |   0.0 |      33 |       0 |   0.0
       D:13 |    7568 |       0 |   0.0 |      24 |       0 |   0.0
       D:14 |    3992 |   28123 |  87.6 |      15 |      53 |  77.9
       D:15 |    3766 |    5375 |  58.8 |      18 |       6 |  25.0
     Lair:1 |    3388 |     920 |  21.4 |      21 |       1 |   4.5
     Lair:2 |    6780 |    1349 |  16.6 |      26 |      10 |  27.8
     Lair:3 |    2621 |    5870 |  69.1 |      14 |       7 |  33.3
     Lair:4 |    4961 |    7769 |  61.0 |      17 |      11 |  39.3
     Lair:5 |    7275 |    2295 |  24.0 |      14 |      11 |  44.0
     Lair:6 |   10940 |    6838 |  38.5 |      27 |      23 |  46.0
   Shoals:1 |    5833 |       0 |   0.0 |      13 |       0 |   0.0
   Shoals:2 |    4574 |       0 |   0.0 |      12 |       0 |   0.0
   Shoals:3 |   25649 |    6396 |  20.0 |      50 |       6 |  10.7
   Shoals:4 |   15874 |   22738 |  58.9 |      30 |      37 |  55.2
   Spider:1 |   23987 |       0 |   0.0 |      67 |       0 |   0.0
   Spider:2 |    9789 |    3706 |  27.5 |      22 |       1 |   4.3
   Spider:3 |   26710 |    7998 |  23.0 |      54 |      45 |  45.5
   Spider:4 |    9947 |   29437 |  74.7 |      31 |      42 |  57.5
      Orc:1 |    3881 |     987 |  20.3 |      63 |      12 |  16.0
      Orc:2 |    7778 |    5431 |  41.1 |      45 |      41 |  47.7
      Elf:1 |   17110 |    9062 |  34.6 |      28 |      14 |  33.3
      Elf:2 |   12516 |    1826 |  12.7 |      23 |       2 |   8.0
      Elf:3 |   23022 |   39184 |  63.0 |      41 |      25 |  37.9
   Vaults:1 |   21134 |    2989 |  12.4 |      38 |      25 |  39.7
   Vaults:2 |   29280 |   27897 |  48.8 |      47 |      33 |  41.2
   Vaults:3 |   28058 |   34294 |  55.0 |      42 |      35 |  45.5
   Vaults:4 |   34432 |   80625 |  70.1 |      48 |      62 |  56.4
   Vaults:5 |   30462 |   96693 |  76.0 |      47 |      72 |  60.5
    Crypt:1 |   13685 |   17531 |  56.2 |      27 |      12 |  30.8
    Crypt:2 |   23924 |    5618 |  19.0 |      31 |      13 |  29.5
    Crypt:3 |   30511 |   43458 |  58.8 |      41 |      16 |  28.1
   Depths:1 |   34940 |   40571 |  53.7 |      45 |      35 |  43.8
   Depths:2 |   43886 |   43265 |  49.6 |      50 |      34 |  40.5
   Depths:3 |   23732 |   47858 |  66.9 |      30 |      48 |  61.5
   Depths:4 |   26360 |  109297 |  80.6 |      38 |      79 |  67.5
   Depths:5 |   45973 |   25368 |  35.6 |      44 |      15 |  25.4
    Abyss:1 |   31096 |    3802 |  10.9 |      50 |       2 |   3.8
    Abyss:2 |   33046 |       0 |   0.0 |      49 |       0 |   0.0
    Abyss:3 |  132534 |   27961 |  17.4 |     288 |      39 |  11.9
    Abyss:4 |  146935 |   18612 |  11.2 |     271 |      29 |   9.7
        Pan |  162216 |  181099 |  52.8 |     216 |     119 |  35.5
      IceCv |       0 |   10459 | 100.0 |       0 |      45 | 100.0
    Volcano |       0 |    4516 | 100.0 |       0 |      19 | 100.0
 Desolation |       0 |   48282 | 100.0 |       0 |      85 | 100.0
            +---------+---------+-------+---------+---------+-------
